 Dungeon Crawl Stone Soup version 0.18.1-48-g4cf74bf (webtiles) character file.

202 tyranidshit the Grave Robber (level 5, -2/49 HPs)
             Began as a Deep Dwarf Necromancer on July 11, 2016.
             Slain by a phantom (6 damage)
             ... on level 4 of the Dungeon.
             The game lasted 00:10:53 (1435 turns).

tyranidshit the Grave Robber (DDNe)                 Turns: 1435, Time: 00:10:53

Health: -2/49      AC:  3    Str: 11    XL:     5   Next: 50%
Magic:  4/10       EV: 12    Int: 17    God:
Gold:   123        SH:  0    Dex: 13    Spells: 2 memorised, 7 levels left

rFire  . . .     SeeInvis .     q - +0 trident
rCold  . . .     Gourm    .     a - +0 robe
rNeg   . . .     Faith    .     (no shield)
rPois  .         Spirit   .     (no helmet)
rElec  .         Dismiss  .     (no cloak)
rCorr  .         Reflect  .     h - +0 pair of gloves
SustAt .         Harm     .     (no boots)
MR     .....                    (no amulet)
Stlth  ++........               (no ring)
                                (no ring)

@: non-regenerating, not resistant to hostile enchantments, unstealthy
A: damage resistance, recharge devices, sense surroundings 1, slow regeneration
3
a: Device Recharging


You were on level 4 of the Dungeon.
You were not hungry.

You visited 1 branch of the dungeon, and saw 4 of its levels.

You collected 123 gold pieces.

Inventory:

Hand Weapons
 d - a +0 mace
 f - a +0 dagger
 g - a +0 dagger of venom
 q - a +0 trident (weapon)
Armour
 a - a +0 robe (worn)
 h - a +0 pair of gloves (worn)
Wands
 c - a wand of heal wounds (0/9)
Scrolls
 e - 4 scrolls of identify
 l - a scroll of amnesia
Potions
 i - a potion of magic {unknown}
 j - a potion of brilliance {unknown}
 k - a potion of haste {unknown}
 m - 2 potions of cancellation {unknown}
 r - a potion of might {unknown}
Books
 b - a book of Necromancy

   Spells                             Type                      Level
   a - Pain                           Necromancy                   1
   b - Animate Skeleton               Necromancy                   1
   c - Vampiric Draining              Necromancy                   3
   d - Regeneration                   Charms/Necromancy            3
   e - Animate Dead                   Necromancy                   4
   f - Control Undead                 Necromancy                   4
Comestibles
 o - a meat ration
 p - 3 fruits
 s - a bread ration


   Skills:
 + Level 3.2 Fighting
 - Level 2.1 Dodging
 - Level 2.4 Stealth
 + Level 3.7 Spellcasting
 - Level 4.3 Necromancy


You had 7 spell levels left.
You knew the following spells:

 Your Spells              Type           Power        Failure   Level  Hunger
a - Pain                  Necr           ###.         2%          1    None
b - Vampiric Draining     Necr           ###.......   10%         3    ###....


Dungeon Overview and Level Annotations

Branches:
Dungeon (4/15)
 Temple: D:4-7

Altars:

Annotations:
D:3 junkhipster's ghost, amateur GrFi


Innate Abilities, Weirdness & Mutations

You are resistant to damage.
You can recharge devices by infusing magical energy.
You passively map a small area around you.
You do not regenerate naturally.


Message History

The phantom is almost destroyed.
The phantom blinks!
Things that are here:
a whip; a ring mail; a robe The phantom hits you!
* * * LOW HITPOINT WARNING * * *
You closely miss the phantom.
The phantom is almost destroyed.
The phantom closely misses you. The phantom barely misses you.
You barely miss the phantom.
The phantom is almost destroyed.
The phantom blinks!
You hit the phantom but do no damage.
The phantom is almost destroyed.
The phantom hits you.
* * * LOW HITPOINT WARNING * * *
You closely miss the phantom.
The phantom is almost destroyed.
The phantom hits you!
You die...

#.#*****,*,**,*,,*
#..,,,,,,,,,,,*,,*
#.#,*,**,*,*,,**,*
#..,*,,,,,,,,,,,,,
#.#,,,,,,*,*****,*
#.#,******,,,,,,,,
#.#,,,,,,,>,,,,,,,
#.#*************+*
#@# #....... #W#
#....... #)#
****##.....<.
#.#***,,,....W....
#.#,,,,,,.........
#.#*,*,**##.......
#.#*,*,,,....s.s..
#.#*,,,,,,,,,,,#<.
#.###############.


You could see a phantom.

Vanquished Creatures
  A scorpion (D:4)
  2 orc wizards (D:4)
  2 adders (D:2)
  2 oozes (D:2)
  A worm (D:3)
  4 dart slugs (D:1)
  4 giant geckos
  9 orcs
  A ball python (D:2)
  A giant cockroach (D:2)
  3 goblins
  7 hobgoblins
  4 jackals (D:3)
  2 quokkas
  4 bats
  2 giant newts
  3 kobolds
  3 rats
55 creatures vanquished.

Notes
Turn   | Place    | Note
--------------------------------------------------------------
     0 | D:1      | tyranidshit the Deep Dwarf Necromancer began the quest for the Orb.
     0 | D:1      | Reached XP level 1. HP: 15/15 MP: 3/3
   113 | D:1      | Reached skill level 1 in Fighting
   113 | D:1      | Reached XP level 2. HP: 23/25 MP: 0/5
   542 | D:2      | Reached XP level 3. HP: 15/31 MP: 0/6
   553 | D:2      | Learned a level 3 spell: Vampiric Draining
  1014 | D:2      | Reached XP level 4. HP: 24/39 MP: 1/8
  1247 | D:3      | Noticed junkhipster's ghost (amateur GrFi)
  1289 | D:4      | Noticed a phantom
  1311 | D:4      | Reached XP level 5. HP: 32/46 MP: 0/10
  1435 | D:4      | Slain by a phantom

Skill      XL: |  1  2  3  4  5 |
---------------+----------------+-----
Spellcasting   | 2 3 |  3.7
Fighting       | 1 2 3 |  3.2
Dodging        | |  2.1
Stealth        | |  2.4
Necromancy     | |  4.3

Action                   |  1- 3 |  4- 6 || total
-------------------------+-------+-------++-------
Melee: Unarmed           |     4 |       ||     4
       Dagger            |    42 |       ||    42
       Mace              |     2 |    14 ||    16
       Trident           |       |    82 ||    82
 Cast: Pain              |    39 |    20 ||    59
       Vampiric Draining |     8 |     8 ||    16
Evoke: Wand              |       |     5 ||     5
  Use: Scroll            |     2 |     4 ||     6
  Eat: Bread ration      |     1 |       ||     1
Armor: Robe              |    21 |    26 ||    47
Dodge: Dodged            |    44 |    65 ||   109
